 Dungeon Crawl Stone Soup version 0.26.0-15-gc6cd9f7 (webtiles) character file.

Game seed: 14674209218172295372

32 Nagaphobic the Sneak (level 3, 0/28 HPs)
             Began as a Naga Enchanter on Jan 23, 2021.
             Slain by a kobold
             ... wielding a +0 whip
              (2 damage)
             ... on level 2 of the Dungeon.
             The game lasted 00:02:15 (1565 turns).

Nagaphobic the Sneak (Naga Enchanter)               Turns: 1565, Time: 00:02:16

Health: 0/28       AC:  4    Str: 10    XL:     3   Next: 27%
Magic:  6/6        EV: 10    Int: 16    God:
Gold:   104        SH:  0    Dex: 11    Spells: 5/6 levels left

rFire    + . .     SeeInvis +   a - +1 dagger
rCold    + . .     Faith    .   (no shield)
rNeg     . . .     Spirit   .   b - +0 robe
rPois    +         Reflect  .   i - +1 helmet (curse)
rElec    .         Harm     .   j - scarf {rC+ rF+}
rCorr    .         Rampage  .   (no gloves)
Will     .....                  (no barding)
Stlth    +++.......             (no amulet)
HPRegen  0.09/turn              h - ring of stealth
MPRegen  0.10/turn              k - ring of attention (curse)

@: short of breath, very slow
A: large, see invisible, deformed body, poison resistance, slowness 2, spit
poison 1, AC +1
a: Spit Poison


You were on level 2 of the Dungeon.
You visited 1 branch of the dungeon, and saw 2 of its levels.

You collected 104 gold pieces.

Inventory:

Hand Weapons
 a - a +1 dagger (weapon)
Armour
 b - a +0 robe (worn)
 i - a cursed +1 helmet (worn)
   (You found it on level 2 of the Dungeon)
 j - a scarf of resistance (worn)
   (You found it on level 2 of the Dungeon)
Jewellery
 h - a ring of stealth (left hand)
   (You found it on level 1 of the Dungeon)
 k - a cursed ring of attention (right hand)
   (You found it on level 2 of the Dungeon)
Scrolls
 e - 2 scrolls of teleportation {@r4}
 g - 3 scrolls of fog
Potions
 c - a potion of flight {unknown}
 d - a potion of degeneration {unknown}


   Skills:
 - Level 1.0 Short Blades
 - Level 1.5 Dodging
 + Level 6.6 Stealth
 - Level 2.0 Spellcasting
 - Level 3.0 Hexes


You had 5 spell levels left.
You knew the following spells:

 Your Spells              Type           Power        Failure   Level
a - Corona                Hex            12%          6%          1

Your spell library contained the following spells:

 Spells                   Type           Power        Failure   Level
 Ensorcelled Hibernation  Hex/Ice        12%          17%         2
 Confusing Touch          Hex            11%          19%         3
 Tukima's Dance           Hex            11%          19%         3
 Dazzling Flash           Conj/Hex       12%          32%         3


Dungeon Overview and Level Annotations

Branches:
Dungeon (2/15)

Altars:


Innate Abilities, Weirdness & Mutations

You cannot wear boots.
Your serpentine skin is tough. (AC +1)
You have supernaturally acute eyesight. (SInv)
Armour fits poorly on your strangely shaped body.
Your system is resistant to poisons. (rPois)
You cover ground very slowly.
You can spit poison.


Message History

The goblin hits you with a +0 club.
You hit the goblin. The kobold closely misses you.
You barely miss the goblin. The goblin hits you with a +0 club.
The kobold barely misses you.
You hit the goblin.
You kill the goblin!
You hit the leopard gecko but do no damage.
The leopard gecko bites you but does no damage.
The kobold hits you but does no damage.
You barely miss the leopard gecko. The leopard gecko bites you.
The kobold hits you but does no damage.
The leopard gecko bites you but does no damage.
You closely miss the leopard gecko. The kobold barely misses you.
The leopard gecko bites you.
You closely miss the leopard gecko. The kobold hits you with a +0 whip.
The leopard gecko closely misses you.
You closely miss the leopard gecko. The kobold closely misses you.
The leopard gecko bites you.
* * * LOW HITPOINT WARNING * * *
Aim: a leopard gecko The splash of poison misses the leopard gecko.
The leopard gecko bites you.
* * * LOW HITPOINT WARNING * * *
The kobold hits you with a +0 whip.
* * * LOW HITPOINT WARNING * * *
Unknown command.
A bat comes into view.
The leopard gecko barely misses you. The kobold hits you but does no damage.
The bat moves out of view.
You see here a stone.
The kobold misses you. The leopard gecko closely misses you.
You see here 3 stones.
The kobold hits you with a +0 whip.
* * * LOW HITPOINT WARNING * * *
You have got your breath back.
The leopard gecko barely misses you. The leopard gecko misses you.
The kobold completely misses you. The leopard gecko bites you.
* * * LOW HITPOINT WARNING * * *
Unknown command.
The leopard gecko barely misses you.
Aim: a leopard gecko The splash of poison hits the leopard gecko!
You kill the leopard gecko!
Unknown command.
You miss the kobold. You hit the kobold. The kobold barely misses you.
Unknown command.
You hit the kobold but do no damage. The kobold hits you with a +0 whip.
You die...

.#.............. ####
#.#.......##.....
##...
#.#..............
......
.........##.....
......
....#....#######
......
.##.............
###...
..##.###.....#######
#...
......)......#######.#
#...
.....###((....K@.....#
#### ###
#..############ # #..#
# #..# ...# .##.# #.
#.# # ..#


You could see a kobold.

Vanquished Creatures
  An adder (D:1)
  A dart slug (D:2)
  A leopard gecko (D:2)
  A ball python (D:1)
  2 bats
  2 giant cockroaches (D:2)
  4 goblins
  2 hobgoblins
  A frilled lizard (D:1)
  3 kobolds
  2 rats
20 creatures vanquished.

Notes
Turn   | Place    | Note
-------+----------+-------------------------------------------
     0 | D:1      | Nagaphobic the Naga Enchanter began the quest for the Orb.
     0 | D:1      | Reached XP level 1. HP: 15/15 MP: 3/3
   275 | D:1      | Reached skill level 5 in Stealth
   395 | D:1      | Reached XP level 2. HP: 17/22 MP: 5/5
   841 | D:1      | HP: 1/22 [poisoned by an adder]
   843 | D:1      | Reached skill level 6 in Stealth
  1395 | D:2      | Reached XP level 3. HP: 26/28 MP: 6/6
  1559 | D:2      | HP: 1/28 [leopard gecko (2)]
  1565 | D:2      | Slain by a kobold

Illustrated notes

Levels and vault maps discovered:
D:1:      lightli_arrival_maybe_door_vault, layout_loops_ring, serial_aquarium,
          aquarium_bridge_square [aquarium_subvault_wall,
          aquarium_subvault_bridge, aquarium_subvault_wall,
          aquarium_subvault_wall], aquarium_window_corner, aquarium_window_1,
          aquarium_view_2d, aquarium_balcony_5b
D:2:      layout_loops_ring, minmay_3d_cube

Skill      XL: |  1  2 |
---------------+-------+-----
Stealth        | 5 6 |  6.6
Short Blades   | |  1.0
Dodging        | |  1.5
Spellcasting   | |  2.0
Hexes          | |  3.0

Action                   || total
-------------------------++-------
Melee: Dagger            ||    48
 Cast: Corona            ||     2
 Abil: Spit Poison       ||    16
  Use: Potion            ||     1
       Scroll            ||     4
 Stab: Sleeping          ||     2
Armor: Robe              ||    13
Dodge: Dodged            ||    41
